Map: Cinder Fortress

Players

A.I. 1 (Very Hard) - Winner!

  • Race: Zerg Zerg
  • Spawn Location: 11:00

larsgj

  • Race: Terran Terran
  • Spawn Location: 6:00

VOD

Have the link to the VOD?

Description

Time

  • Played on: Feb. 23, 2019, 6:10 a.m.
  • Length: 9:10
Show
View Real Time Build Order
Export as new Build Order

A.I. 1 (Very Hard) Zerg - Winner!

Build Orders: Pool First 

Get SALT Encoding   

  12  0:00  Drone  
  13  0:12  Overlord  
  13  0:16  Drone  
  14  0:30  Drone x2  
  16  0:43  Spawning Pool  
  16  0:44  Drone  
  16  0:49  Drone  
  17  1:14  Hatchery  
  17  1:15  Drone  
  17  1:17  Extractor  
  16  1:20  Extractor, Drone  
  16  1:24  Drone  
  17  1:28  Drone  
  18  1:38  Drone  
  19  1:48  Overlord  
  19  1:55  Queen  
  19  2:00  Zergling x2  
  22  2:10  Drone  
  23  2:24  Drone  
  23  2:29  Drone  
  25  2:30  Queen  
  25  2:34  Drone  
  28  2:40  Drone  
  29  2:54  Roach Warren  
  29  2:56  Drone  
  29  2:59  Drone  
  29  3:03  Zergling x2  
  31  3:06  Zergling x2  
  31  3:12  Overlord  
  32  3:16  Drone  
  32  3:18  Drone  
  33  3:21  Drone  
  34  3:33  Roach  
  34  3:34  Roach  
  38  3:36  Roach  
  38  3:38  Roach  
  42  3:45  Lair  
  42  3:50  Overlord  
  42  3:54  Overlord  
  42  3:57  Zergling x2  
  42  4:00  Zergling x2  
  44  4:08  Drone x2, Zergling x2  
  48  4:10  Drone  
  48  4:12  Drone  
  48  4:14  Drone  
  50  4:19  Overlord  
  52  4:24  Roach  
  52  4:26  Roach  
  52  4:30  Roach  
  56  4:33  Roach  
  56  4:37  Overlord  
  58  4:44  Drone  
  60  4:45  Drone  
  60  4:47  Drone, Hydralisk Den  
  60  4:50  Roach  
  62  4:54  Roach  
  62  4:58  Overlord  
  64  5:04  Drone  
  64  5:06  Drone  
  66  5:08  Drone  
  66  5:09  Drone  
  66  5:12  Drone  
  66  5:13  Drone  
  70  5:16  Hydralisk, Drone  
  70  5:19  Hydralisk  
  75  5:23  Overlord  
  75  5:26  Drone  
  75  5:27  Drone  
  77  5:30  Drone  
  77  5:35  Drone  
  79  5:40  Infestation Pit  
  79  5:41  Drone  
  79  5:42  Baneling Nest  
  78  5:45  Drone  
  78  5:46  Drone  
  78  5:49  Overlord  
  80  5:51  Drone  
  80  5:52  Ravager  
  80  5:54  Roach  
  80  5:55  Ravager  
  85  5:57  Roach  
  85  6:00  Hydralisk  
  89  6:07  Hydralisk  
  89  6:08  Roach  
  89  6:09  Overlord  
  93  6:12  Roach  
  93  6:14  Roach  
  93  6:16  Metabolic Boost  
  97  6:18  Infestor  
  99  6:26  Baneling  
  99  6:27  Extractor, Overlord, Infestor  
  99  6:30  Extractor  
  99  6:31  Baneling  
  99  6:36  Baneling  
  99  6:40  Baneling  
  99  6:42  Evolution Chamber  
  99  6:43  Drone  
  99  6:46  Baneling  
  99  6:47  Drone, Evolution Chamber  
  99  6:49  Drone x2  
  99  6:50  Drone  
  99  6:51  Baneling  
  99  6:53  Drone, Overlord  
  104  6:54  Drone x2  
  104  6:55  Baneling  
  104  6:56  Baneling  
  104  6:59  Baneling, Zergling x2  
  106  7:02  Baneling  
  106  7:10  Overseer  
  106  7:13  Spine Crawler  
  106  7:14  Drone  
  106  7:18  Spine Crawler  
  106  7:19  Drone  
  106  7:20  Infestor  
  108  7:33  Overlord, Infestor  
  108  7:36  Hatchery  
  108  7:37  Drone  
  110  7:47  Centrifugal Hooks  
  110  7:55  Spore Crawler  
  110  7:57  Spore Crawler  
  108  8:15  Hydralisk, Spine Crawler  
  109  8:20  Hydralisk  
  111  8:36  Lurker Den  
  110  8:45  Zergling x2  
  110  8:47  Baneling  
  105  8:48  Drone x2  
  105  8:49  Drone x3  
  105  8:50  Drone x5  
  105  8:51  Drone x2  
  105  8:52  Drone x3, Zergling x2  
  105  8:53  Drone x3  
  105  8:55  Drone x2  
  124  9:01  Extractor  
  112  9:05  Extractor  
Show
View Real Time Build Order
Export as new Build Order

larsgj Terran 

Build Orders:  

Get SALT Encoding   

  12  0:01  SCV  
  13  0:15  Supply Depot  
  13  0:17  SCV  
  14  0:29  SCV  
  15  0:40  Barracks  
  15  0:42  SCV  
  16  0:54  SCV  
  17  0:59  Supply Depot  
  17  1:06  SCV  
  18  1:13  Barracks  
  18  1:18  SCV  
  19  1:28  Supply Depot  
  19  1:29  Marine  
  20  1:44  SCV  
  21  1:47  Marine  
  21  1:52  Supply Depot  
  22  1:57  SCV  
  22  2:00  Supply Depot  
  23  2:03  Marine  
  23  2:05  Marine  
  25  2:09  SCV  
  25  2:12  Supply Depot  
  26  2:23  Marine  
  26  2:24  Bunker  
  26  2:28  Marine  
  28  2:38  SCV  
  28  2:40  Marine  
  30  2:46  Marine  
  30  2:49  Refinery  
  30  2:50  SCV  
  32  3:02  Bunker, SCV  
  33  3:08  Marine x2  
  35  3:14  SCV  
  36  3:26  SCV, Marine x2  
  39  3:28  Bunker  
  39  3:39  Bunker  
  39  3:44  Marine x2  
  41  3:54  SCV, Refinery  
  42  3:58  Bunker  
  42  4:02  Marine  
  43  4:04  Marine  
  43  4:06  SCV  
  43  4:09  Bunker  
  45  4:18  SCV  
  45  4:20  Barracks Tech Lab  
  45  4:22  Marine  
  47  4:30  SCV  
  48  4:33  Engineering Bay  
  48  4:40  Bunker  
  48  4:43  SCV  
  49  4:55  SCV  
  50  5:05  Marine x2  
  50  5:06  Command Center  
  52  5:07  SCV  
  53  5:23  Marine x2  
  55  5:34  Combat Shield  
  55  5:40  Marine x2  
  57  5:44  Terran Infantry Weapons Level 1  
  57  5:58  Marine x2  
  59  6:16  Marine x2  
  61  6:22  Factory  
  61  6:25  SCV  
  62  6:32  Refinery  
  62  6:34  Marine x2  
  62  6:37  SCV  
  65  6:40  Refinery  
  65  6:49  SCV  
  65  6:52  Marine x2  
  69  7:01  SCV  
  69  7:03  Command Center  
  69  7:09  Marine  
  69  7:10  Marine  
  69  7:13  SCV  
  72  7:20  Concussive Shells  
  72  7:25  SCV  
  72  7:27  Marine  
  72  7:29  Barracks  
  74  7:34  Armory  
  74  7:41  SCV  
  75  7:53  SCV  
  76  8:05  SCV  
  77  8:17  SCV  
  78  8:21  SCV  
  79  8:28  Refinery  
  79  8:29  SCV  
  79  8:33  SCV  
  81  8:41  SCV  
  81  8:43  Missile Turret  
  81  8:45  SCV  
  78  8:57  SCV  
  72  9:03  Missile Turret  
Tags
 
Matchup
TvZ
Opening
Pool First
Replay Pack
Multiplayer
Spawn Locations
Cross Positions
Add a new tag
Caveats
  • Supply blocks, unpowered buildings, or Contaminate may cause inaccurate times.
  • Supply counts are checked every 10 seconds.